 Dungeon Crawl Stone Soup version 0.28-b1-25-g9875b3fc8c (webtiles) character file.

Game seed: 10606888982717300038

754 Angani the Magician (level 7, -2/46 HPs)
             Began as a Mummy Summoner on Feb 8, 2022.
             Was an Initiate of Kikubaaqudgha.
             Killed by divine providence
             ... invoked by an orc priest
              (14 damage)
             ... on level 4 of the Dungeon.
             The game lasted 00:08:39 (5282 turns).

Angani the Magician (Mummy Summoner)                Turns: 5282, Time: 00:08:40

Health: -2/46      AC:  2    Str: 11    XL:     7   Next: 49%
Magic:  14/16      EV: 12    Int: 22    God:    Kikubaaqudgha [......]
Gold:   180        SH:  0    Dex: 13    Spells: 8/18 levels left

rFire   x . .      SeeInvis .   d - +2 demon whip (pain)
rCold   + . .      Faith    .   (no shield)
rNeg    + + +      Spirit   .   a - +0 robe
rPois   ∞          Reflect  .   (no helmet)
rElec   .          Harm     .   (no cloak)
rCorr   .          Rampage  .   (no gloves)
Will    .....                   (no boots)
Stlth   ++........              (no amulet)
HPRegen 0.15/turn               k - +6 ring of intelligence
MPRegen 0.15/turn               (no ring)

@: no status effects
A: cold resistance 1, negative energy resistance 3, torment resistance 2, heat
vulnerability 1, no potions
a: Renounce Religion


You were on level 4 of the Dungeon.
You worshipped Kikubaaqudgha.
Kikubaaqudgha was noncommittal.
You visited 1 branch of the dungeon, and saw 4 of its levels.

You collected 180 gold pieces.

Inventory:

Hand Weapons
 d - a +2 demon whip of pain (weapon)
Armour
 a - a +0 robe (worn)
Jewellery
 k - a +6 ring of intelligence (left hand)
Wands
 i - a wand of polymorph (2)
Scrolls
 b - a scroll of brand weapon {unknown}
 c - 2 scrolls of noise {unknown}
 e - a scroll of torment {unknown}
 f - a scroll of teleportation {unknown}
 g - a scroll of blinking {unknown}
 h - 3 scrolls of identify {unknown}
 j - a scroll of vulnerability {unknown}


   Skills:
 - Level 0.2 Fighting
 - Level 1.5 Dodging
 - Level 1.5 Stealth
 - Level 0.1 Unarmed Combat
 + Level 6.4 Spellcasting
 + Level 5.4 Summonings
 + Level 3.2 Air Magic


You had 8 spell levels left.
You knew the following spells:

 Your Spells              Type           Power      Damage    Failure   Level
a - Summon Small Mammal   Summ           100%       N/A       1%          1
b - Call Imp              Summ           31%        N/A       1%          2
c - Call Canine Familiar  Summ           31%        N/A       2%          3
d - Summon Lightning Spi  Summ/Air       26%        N/A       14%         4

Your spell library contained the following spells:

 Spells                   Type           Power      Damage    Failure   Level
 Summon Guardian Golem    Hex/Summ       19%        N/A       9%          3


Dungeon Overview and Level Annotations

Branches:
Dungeon (4/15)
 Temple: D:4-7

Altars:
Kikubaaqudgha
Okawaru


Innate Abilities, Weirdness & Mutations

You are immune to poison.
Your flesh is cold resistant. (rC+)
You are immune to negative energy. (rN+++)
You are immune to unholy pain and torment.
You are vulnerable to heat. (rF-)
You do not drink.


Message History

Things that are here:
a +0 hand axe; a scroll labelled LANTIPP NUIBB You closely miss the orc.
Your hound barely misses the orc.
The orc hits you with a +0 hand axe. The orc closely misses your hound.
Your hound barely misses the orc.
You hit the orc.
The orc is moderately wounded.
Your hound barely misses the orc.
The orc priest hits you with a +0 dagger.
The orc hits you with a +0 hand axe. The orc barely misses your hound.
You whack the orc priest!
The orc priest is severely wounded.
Your hound bites the orc.
The orc priest looks braver for a moment.
The orc barely misses you.
The orc hits your hound with a +0 hand axe.
Your hound barely misses the orc.
You barely miss the orc priest.
The orc priest is severely wounded.
Your hound barely misses the orc.
The orc priest closely misses you. The orc hits you with a +0 hand axe.
The orc barely misses your hound.
Unknown command.
You closely miss the orc priest.
The orc priest is severely wounded.
Your hound misses the orc.
The orc priest invokes the aid of Beogh against you.
Beogh smites you!
* * * LOW HITPOINT WARNING * * *
The orc closely misses you.
The orc hits your hound with a +0 hand axe.
Your hound bites the orc.
The orc dies!
Kikubaaqudgha accepts your kill.
You hit the orc priest.
The orc priest is almost dead.
Your hound misses the orc priest.
The orc priest invokes the aid of Beogh against you.
Beogh smites you!
You die...
Kikubaaqudgha rasps: "You have failed me!
Welcome... oblivion!"

# #.#...# .#..#
#.#.#.## #.#..##
#.#.#..# .......
..#..##.......
#.#####...#.......
#.# #........... #.#
###...#.... ####.####
##..# .# #.......#
#@h# ####.......#
#)o#.#
...........#####..#.#
####............#.#.#
.......########.#...#
.......#
#....[.....#..#
.......#
#..........#..#
....#.##
#..........#..#
....#.#
#........#.#..#


You could see an orc priest (ally target) and a friendly hound (summoned).

Vanquished Creatures
  An orc wizard (D:3)
  Natasha (D:3)
  2 gnolls (D:3)
  5 adders
  An ufetubus (D:4)
  A worm (D:2)
  3 orcs (D:3)
  2 bats (D:1)
  An endoplasm (D:2)
  A giant cockroach (D:1)
  3 goblins
  3 hobgoblins
  2 jackals (D:3)
  2 quokkas
  6 ball pythons
  3 frilled lizards
  2 kobolds
  3 rats
42 creatures vanquished.

Vanquished Creatures (collateral kills)
  Sigmund (D:3)
  An ice beast (D:4)
  A phantom (D:3)
  A scorpion (D:4)
  A howler monkey (D:4)
  A bullfrog zombie (D:3)
  Natasha (twice) (D:3)
  2 gnolls (D:3)
  2 adders
  3 dart slugs
  3 orcs
  3 ball pythons (D:1)
  6 endoplasms
  3 goblins
  2 hobgoblins (D:1)
  5 jackals
  2 kobolds (D:1)
  A nameless horror (D:3)
  2 quokkas
  2 bats (D:1)
  2 frilled lizards
46 creatures vanquished.

Grand Total: 88 creatures vanquished

Notes
Turn   | Place    | Note
-------+----------+-------------------------------------------
     0 | D:1      | Angani the Mummy Summoner began the quest for the Orb.
     0 | D:1      | Reached XP level 1. HP: 13/13 MP: 4/4
   266 | D:1      | Reached XP level 2. HP: 15/19 MP: 3/5
   410 | D:1      | Learned a level 2 spell: Call Imp
   464 | D:1      | Reached skill level 3 in Spellcasting
   837 | D:1      | Reached XP level 3. HP: 21/24 MP: 3/7
  1005 | D:1      | Learned a level 3 spell: Call Canine Familiar
  2500 | D:2      | Reached skill level 4 in Spellcasting
  2650 | D:2      | Reached XP level 4. HP: 30/30 MP: 10/10
  2658 | D:2      | Learned a level 4 spell: Summon Lightning Spire
  2914 | D:3      | Noticed Natasha
  2920 | D:3      | Killed Natasha
  2921 | D:3      | Reached skill level 1 in Air Magic
  2989 | D:3      | Noticed Sigmund
  3036 | D:3      | Killed Sigmund
  3037 | D:3      | Reached skill level 5 in Spellcasting
  3037 | D:3      | Reached XP level 5. HP: 13/35 MP: 1/12
  3037 | D:3      | Reached XP level 6. HP: 15/41 MP: 1/13
  3319 | D:3      | Found an iron altar of Okawaru.
  3435 | D:3      | Reached skill level 5 in Summonings
  3638 | D:3      | Noticed Natasha
  3664 | D:3      | HP: 2/41 [goblin (5)]
  3712 | D:3      | Killed Natasha
  3791 | D:3      | Noticed Natasha
  3809 | D:3      | Killed Natasha
  4088 | D:3      | Reached XP level 7. HP: 46/46 MP: 11/15
  4161 | D:3      | Found an ancient bone altar of Kikubaaqudgha.
  4170 | D:3      | Became a worshipper of Kikubaaqudgha
  4776 | D:4      | Reached skill level 6 in Spellcasting
  5282 | D:4      | Killed from afar by an orc priest

Illustrated notes

Levels and vault maps discovered:
D:1:      ebering_trefoil_3fold, layout_basic, st_stairs_5, grunt_decor_clamped
D:2:      layout_loops_corners, kennysheep_generic_room_14
D:3:      layout_basic, mainiacjoe_overflow_alcove_1, kennysheep_flooded_box,
          grunt_decor_cap, uniq_sigmund, uniq_natasha
D:4:      layout_basic, vehumet_altar_wand_db, uniq_blork_the_orc

Skill      XL: |  1  2  3  4  5  6  7 |
---------------+----------------------+-----
Spellcasting   | 3 4 5 6 |  6.4
Summonings     | 4 5 |  5.4
Air Magic      | 2 3 |  3.2
Fighting       | |  0.2
Dodging        | |  1.5
Stealth        | |  1.5
Unarmed Combat | |  0.1

Action                   |  1- 3 |  4- 6 |  7- 9 || total
-------------------------+-------+-------+-------++-------
Melee: Unarmed           |    39 |       |       ||    39
       Punch             |     3 |     1 |       ||     4
       Demon whip        |    26 |    49 |    55 ||   130
 Cast: Summon Small Mamm |    23 |       |       ||    23
       Call Imp          |    13 |     2 |       ||    15
       Call Canine Famil |     4 |    13 |    13 ||    30
       Summon Lightning  |       |     1 |       ||     1
 Stab: Sleeping          |     2 |       |     1 ||     3
       Distracted        |     1 |     1 |       ||     2
Armor: Robe              |    17 |    10 |     7 ||    34
Dodge: Dodged            |    72 |    47 |    46 ||   165
